 Dungeon Crawl Stone Soup version 0.28.0-53-g5a82cb258f (webtiles) character file.

Game seed: 18329922966385679694

513 sanboga the Skirmisher (level 7, -7/76 HPs)
             Began as an Ogre Berserker on July 21, 2022.
             Was a Believer of Trog.
             Mangled by a mummy (9 damage)
             ... in an ossuary.
             The game lasted 00:04:42 (3874 turns).

sanboga the Skirmisher (Ogre Berserker)             Turns: 3874, Time: 00:04:42

Health: -7/76      AC:  4    Str: 24    XL:     7   Next: 20%
Magic:  7/7        EV: 10    Int:  8    God:    Trog [**....]
Gold:   73         SH:  0    Dex:  8    Spells: 6/6 levels left

rFire   . . .      SeeInvis .   k - +2 flail (drain)
rCold   + . .      Faith    .   (no shield)
rNeg    . . .      Spirit   .   b - +1 animal skin
rPois   .          Reflect  .   (helmet restricted)
rElec   .          Harm     .   (no cloak)
rCorr   .          Rampage  .   (gloves unavailable)
Will    .....                   (boots unavailable)
Stlth   +.........              (no amulet)
HPRegen 0.22/turn               c - ring of protection from cold
MPRegen 0.10/turn               (no ring)

@: about to teleport, marked, on berserk cooldown, slowed, very slow
A: large, unfitting armour, tough skin 1
a: Renounce Religion, Berserk, Trog's Hand


You were in an ossuary.
You worshipped Trog.
Trog was pleased with you.
You visited 1 branch of the dungeon, and saw 4 of its levels.
You also visited: Ossuary.

You collected 73 gold pieces.

Inventory:

Hand Weapons
 k - a +2 flail of draining (weapon)
Armour
 b - a +1 animal skin (worn)
Jewellery
 c - a ring of protection from cold (left hand)
Wands
 f - a wand of polymorph (6)
 n - a wand of mindburst (17)
Scrolls
 d - a scroll of teleportation
 g - a scroll of fog {unknown}
 l - a scroll of silence {unknown}
Potions
 e - a potion of might {unknown}
 h - 2 potions of magic {unknown}
 j - a potion of flight {unknown}
 m - a potion of mutation {unknown}
 o - a potion of lignification {unknown}


   Skills:
 + Level 6.9 Fighting
 + Level 4.7 Maces & Flails
 + Level 4.6 Dodging


You had 6 spell levels left.
You didn't know any spells.
Your spell library was empty.

Dungeon Overview and Level Annotations

Branches:
Dungeon (4/15)             Temple (0/1) D:4         Ossuary (1/1)

Altars:
Kikubaaqudgha

Shops:
D:3 (


Innate Abilities, Weirdness & Mutations

You are too large for most types of armour.
You have tough skin. (AC +1)


Message History

The centaur zombie hits you but does no damage.
The centaur zombie kicks you.
* * * LOW HITPOINT WARNING * * *
You bludgeon the hobgoblin zombie!!
You destroy the hobgoblin zombie!
Trog accepts your kill.
You sock the centaur zombie!
You destroy the centaur zombie!
Trog accepts your kill.
You feel a strong urge to attack something.
You are no longer berserk.
You are exhausted.
You feel yourself slow down.
A mummy comes into view. x2
A mummy comes into view.
You feel better.
Aiming: Mindburst
Press: ? - help, Shift-Dir - straight line, f - mummy
Aim: a mummy (chance to affect: 64%)
The mummy struggles to resist.
Aiming: Mindburst
Press: ? - help, Shift-Dir - straight line, f/p - mummy
Aim: a mummy (chance to affect: 64%)
The mummy's mind is blasted.
Aiming: Mindburst
Press: ? - help, Shift-Dir - straight line, f/p - mummy
Aim: a mummy (moderately damaged, chance to affect: 64%)
The mummy struggles to resist.
Aiming: Mindburst
Press: ? - help, Shift-Dir - straight line, f/p - mummy
Aim: a mummy (moderately damaged, chance to affect: 64%)
The mummy's mind is blasted!!
You blow up the mummy!
Trog accepts your kill.
As you read the scroll labelled NAACKU QOITRUD, it crumbles to dust.
You feel strangely unstable.
It was a scroll of teleportation.
The mummy hits you!
* * * LOW HITPOINT WARNING * * *
The mummy hits you!
You die...

#######
#.#.#.###########
................##
......^.........@#
.....^^..∩.∩...M.#
...............M.#
....^...........##
#.#.#.###########
#######


You could see 2 mummies.

Vanquished Creatures
  A necrophage (D:3)
  3 centaur zombies (Ossuary)
  2 bullfrog skeletons (D:4)
  A hound (D:3)
  Ijyb (D:3)
  An iguana (D:3)
  4 mummies (Ossuary)
  3 gnolls
  An adder (D:2)
  An ufetubus (D:4)
  2 worms (D:2)
  3 dart slugs
  5 orcs (D:3)
  3 ball pythons
  5 endoplasms
  4 giant cockroaches
  4 goblins
  10 hobgoblins
  5 jackals
  6 quokkas
  7 bats
  3 frilled lizards (D:1)
  2 hobgoblin zombies (Ossuary)
  8 kobolds
  4 rats
89 creatures vanquished.

Notes
Turn   | Place    | Note
-------+----------+-------------------------------------------
     0 | D:1      | sanboga the Ogre Berserker began the quest for the Orb.
     0 | D:1      | Reached XP level 1. HP: 24/24 MP: 1/1
   442 | D:1      | Reached XP level 2. HP: 32/32 MP: 2/2
   961 | D:1      | Reached XP level 3. HP: 29/40 MP: 3/3
  1194 | D:2      | Reached ** piety under Trog
  1465 | D:2      | Reached XP level 4. HP: 22/49 MP: 4/4
  2191 | D:2      | Reached skill level 5 in Fighting
  2539 | D:3      | Reached XP level 5. HP: 51/57 MP: 5/5
  2665 | D:3      | Found an ancient bone altar of Kikubaaqudgha.
  2665 | D:3      | Noticed a necrophage
  2670 | D:3      | Killed a necrophage
  2671 | D:3      | Reached skill level 6 in Fighting
  2671 | D:3      | Reached XP level 6. HP: 62/67 MP: 6/6
  3046 | D:3      | Found Tumin's Antique Weapon Shop.
  3220 | D:3      | Noticed Ijyb
  3229 | D:3      | Killed Ijyb
  3813 | D:4      | Found a sand-covered staircase.
  3818 | Ossuary  | Entered an ossuary
  3847 | Ossuary  | HP: 5/102 [hobgoblin zombie (1)]
  3848 | Ossuary  | Reached XP level 7. HP: 6/76 MP: 7/7
  3851 | Ossuary  | HP: 2/114 [centaur zombie (1)]
  3873 | Ossuary  | HP: 1/76 [mummy (17)]
  3874 | Ossuary  | Mangled by a mummy

Illustrated notes

Levels and vault maps discovered:
D:1:      scummos_arrival_forest, layout_loops_ring,
          chequers_serial_rivers_large_b, minivault_26
D:2:      layout_loops_ring
D:3:      layout_basic, marbit_many_paths, serial_shops, shop, uniq_ijyb
D:4:      layout_basic, minmay_temple_entry_proselytizer, enter_ossuary_5,
          hangedman_decor_riveting
Ossuary:  ossuary_the_hunt_dpeg

Skill      XL: |  1  2  3  4  5 |
---------------+----------------+-----
Maces & Flails | 3 4 |  4.7
Dodging        | 3 4 |  4.6
Fighting       | 5 6 |  6.9

Action                   |  1- 3 |  4- 6 |  7- 9 || total
-------------------------+-------+-------+-------++-------
Melee: Mace              |    37 |       |       ||    37
       Flail             |    76 |   132 |     6 ||   214
       Punch             |     1 |     4 |       ||     5
Invok: Berserk           |     1 |     6 |       ||     7
Evoke: Wand              |       |       |     4 ||     4
  Use: Potion            |     1 |     1 |     1 ||     3
       Scroll            |       |     3 |     1 ||     4
Armor: Animal skin       |    36 |    68 |     4 ||   108
Dodge: Dodged            |    65 |    84 |     1 ||   150
